 Dungeon Crawl Stone Soup version 0.26.1-11-gd32895ea62 (webtiles) character file.

Game seed: 1243919124003866450

108 Arcadio the Sneak (level 4, -2/29 HPs)
             Began as an Octopode Brigand on May 22, 2021.
             Slain by an orc
             ... wielding a +0 short sword
              (4 damage)
             ... on level 3 of the Dungeon.
             The game lasted 00:03:07 (4211 turns).

Arcadio the Sneak (Octopode Brigand)                Turns: 4211, Time: 00:03:08

Health: -2/29      AC:  1    Str: 10    XL:     4   Next: 87%
Magic:  4/4        EV: 14    Int: 13    God:
Gold:   112        SH:  0    Dex: 14    Spells: 3/3 levels left

rFire    . . .     SeeInvis .   f - +2 dagger (freeze)
rCold    . . .     Faith    .   (no shield)
rNeg     . . .     Spirit   .   (helmet restricted)
rPois    .         Reflect  .   (no amulet)
rElec    .         Harm     .   (no ring)
rCorr    .         Rampage  .   (no ring)
Will     .....                  (no ring)
Stlth    ++++......             (no ring)
HPRegen  0.09/turn              (no ring)
MPRegen  0.09/turn              (no ring)
                                (no ring)
                                (no ring)

@: no status effects
A: almost no armour, stealthy swim, amphibious, 8 rings, constrict 8, camouflage
1, gelatinous body 1
a: no special abilities


You were on level 3 of the Dungeon.
You visited 1 branch of the dungeon, and saw 3 of its levels.

You collected 112 gold pieces.

Inventory:

Hand Weapons
 a - a +2 dagger
 f - a +2 dagger of freezing (weapon)
 g - a +0 short sword of freezing
Missiles
 b - 8 poisoned darts (quivered)
 c - 2 curare-tipped darts
Jewellery
 j - a +6 ring of strength {unknown}
 k - a cursed ring of teleportation {unknown}
Scrolls
 d - a scroll of identify
 e - 2 scrolls of teleportation {unknown}
 h - a scroll of enchant armour {unknown}
 l - a scroll of immolation {unknown}
 m - a scroll of remove curse {unknown}
Potions
 i - a potion of heal wounds


   Skills:
 - Level 2.0 Fighting
 + Level 3.2 Short Blades
 - Level 2.0 Throwing
 + Level 2.5 Dodging
 + Level 6.5 Stealth


You had 3 spell levels left.
You didn't know any spells.
Your spell library was empty.

Dungeon Overview and Level Annotations

Branches:
Dungeon (3/15)

Altars:
Qazlal
Zin

Annotations:
D:2 2 transporters
D:3 Sigmund


Innate Abilities, Weirdness & Mutations

You cannot wear most types of armour.
You are very stealthy in the water. (Stealth+)
You are amphibious.
You can wear up to eight rings at the same time.
You can use your tentacles to constrict eight enemies at once.
Your skin changes colour to match your surroundings (Stealth+).
Your rubbery body absorbs attacks. (AC +1, EV +1)


Message History

The orc throws a boomerang.
The boomerang hits you.
The weapon returns to the orc!
The orc priest looks encouraged for a moment.
There is a stone staircase leading up, spattered with blood here.
The orc throws a boomerang.
The boomerang hits you.
The weapon returns to the orc!
The orc priest looks encouraged for a moment.
An adder and Sigmund come into view.
The orc hits you with a +0 club. The orc closely misses you.
The orc priest mumbles some strange prayers to Beogh against you.
Pain shoots through your body!
* * * LOW HITPOINT WARNING * * *
Sigmund moves out of view.
The hobgoblin closely misses you.
The orc throws a boomerang.
The boomerang closely misses you.
There is a stone staircase leading up, spattered with blood here.
The hobgoblin hits you.
* * * LOW HITPOINT WARNING * * *
The orc hits you with a +0 short sword.
You die...

#.##.##...S
##.#.......
..........##
##.........#
...........####
#.............
#.....o.....=.
#/...goB..#
##...(@..##
#.........#
#..>..o...#
#.........#
#.........#
#.........#
##.......##
##..^..##
#######


You could see an orc priest, 2 orcs, a giant cockroach and a hobgoblin.

Vanquished Creatures
  3 adders (D:2)
  A worm (D:2)
  A dart slug (D:1)
  4 leopard geckos
  4 orcs (D:2)
  2 giant cockroaches
  6 hobgoblins
  11 jackals (D:1)
  10 kobolds
  A quokka (D:2)
  4 bats
  6 frilled lizards
  4 goblins
  7 rats
64 creatures vanquished.

Vanquished Creatures (others)
  11 plants (D:2)
11 creatures vanquished.

Grand Total: 75 creatures vanquished

Notes
Turn   | Place    | Note
-------+----------+-------------------------------------------
     0 | D:1      | Arcadio the Octopode Brigand began the quest for the Orb.
     0 | D:1      | Reached XP level 1. HP: 14/14 MP: 1/1
   166 | D:1      | Reached XP level 2. HP: 3/19 MP: 2/2
  1061 | D:1      | Reached XP level 3. HP: 12/24 MP: 3/3
  1440 | D:1      | Reached skill level 6 in Stealth
  1944 | D:2      | Reached XP level 4. HP: 26/29 MP: 4/4
  2120 | D:2      | Noticed a black bear
  2123 | D:2      | Found a transporter.
  2152 | D:2      | Found a stormy altar of Qazlal.
  2154 | D:2      | Found a transporter.
  2217 | D:2      | Found a faded altar of an unknown god.
  2394 | D:2      | HP: 1/29 [quokka (2)]
  2901 | D:2      | Noticed an angel
  2902 | D:2      | Found a glowing silver altar of Zin.
  4209 | D:3      | Noticed Sigmund
  4211 | D:3      | Slain by an orc

Illustrated notes

Levels and vault maps discovered:
D:1:      minmay_arrival_diagonal_passages, layout_basic
D:2:      layout_loops_ring, gammafunk_temple_overflow_arena, zin_angel,
          chequers_ecumenical_altar_twisty, serial_forest,
          infiniplex_forest_lined_room_2, infiniplex_forest_clump_medium,
          infiniplex_forest_clump_double, infiniplex_forest_end_2,
          infiniplex_forest_clump_tiny, infiniplex_forest_lined_ring
D:3:      cheibrodos_old_hovel, layout_rooms, lemuel_round_altar,
          kennysheep_jessica_study, uniq_crazy_yiuf_cottage, uniq_grinder,
          uniq_sigmund, uniq_natasha, uniq_ijyb

Skill      XL: |  1  2  3  4 |
---------------+-------------+-----
Dodging        | 2 |  2.5
Stealth        | 6 |  6.5
Short Blades   | 3 |  3.2
Fighting       | |  2.0
Throwing       | |  2.0

Action                   |  1- 3 |  4- 6 || total
-------------------------+-------+-------++-------
Melee: Dagger            |    82 |    60 ||   142
       Constrict         |    14 |    15 ||    29
       Tentacles         |    11 |     8 ||    19
  Use: Potion            |     1 |       ||     1
       Scroll            |     1 |       ||     1
 Stab: Sleeping          |     9 |     5 ||    14
Armor: Skin              |    12 |     2 ||    14
Dodge: Dodged            |    71 |    39 ||   110
